 Dungeon Crawl Stone Soup version 0.29.0-15-g675c0067aa (webtiles) character file.

Game seed: 7921654822508280743

4812 freelancePsychic the Fighter (level 10, -4/83 HPs)
             Began as a Demonspawn Fire Elementalist on Sept 11, 2022.
             Slain by a vault guard
             ... wielding a +0 broad axe
              (8 damage)
             ... in a bailey.
             The game lasted 00:20:32 (9275 turns).

freelancePsychic the Fighter (DsFE)                 Turns: 9275, Time: 00:20:33

Health: -4/83      AC:  7    Str: 10    XL:     10   Next: 24%
Magic:  0/16       EV: 12    Int: 24    God:
Gold:   255        SH:  0    Dex: 15    Spells: 8/17 levels left

rFire   . . .      SeeInvis .   y - +6 spear of Taiwus {flame, Int+4}
rCold   + . .      Faith    .   (no shield)
rNeg    . . .      Spirit   .   A - +0 steam dragon scales
rPois   .          Reflect  .   (no helmet)
rElec   .          Harm     .   (no cloak)
rCorr   .          Rampage  .   (no gloves)
Will    .....                   g - +1 pair of boots
Stlth   ++........              j - amulet of regeneration
HPRegen 1.03/turn               q - ring of protection from cold
MPRegen 0.15/turn               (no ring)

@: very slow
A: claws 2, thin skeletal structure 1, foul stench 1, powered by death 2
a: no special abilities


You were in a bailey.
You visited 2 branches of the dungeon, and saw 8 of its levels.
You also visited: Bailey.

You collected 255 gold pieces.

Inventory:

Hand Weapons
 p - a +1 dagger of speed
 s - a +2 hand axe of venom
 y - the +6 spear of Taiwus (weapon) {flame, Int+4}
   (You found it on level 6 of the Dungeon)

   It burns those it strikes, dealing additional fire damage.
   Int:       It affects your intelligence (+4).
Missiles
 k - 3 silver javelins
Armour
 a - a +0 robe
 g - a +1 pair of boots (worn)
 t - a +0 leather armour
 A - +0 steam dragon scales (worn)
Magical Staves
 w - a staff of earth
Jewellery
 j - an amulet of regeneration (around neck)
 q - a ring of protection from cold (left claw)
 r - a ring of poison resistance
Wands
 m - a wand of flame (26)
 u - a wand of quicksilver (7)
 z - a wand of polymorph (15)
 C - a wand of roots (9)
Scrolls
 h - a scroll of amnesia
 n - a scroll of fog
 v - a scroll of fear
 x - a scroll of magic mapping
 B - a scroll of enchant armour
Potions
 b - a potion of degeneration {unknown}
 c - 3 potions of curing {unknown}
 d - a potion of haste {@q3}
 e - 2 potions of might
 f - 2 potions of mutation
 i - 2 potions of ambrosia
 l - 2 potions of heal wounds {@q2}
 o - a potion of lignification {unknown}
 D - a potion of magic


   Skills:
 + Level 9.4 Fighting
 - Level 1.7 Dodging
 - Level 1.7 Stealth
 - Level 4.2 Spellcasting
 - Level 1.3 Conjurations
 + Level 4.9 Transmutations
 - Level 7.4 Fire Magic
 + Level 5.4 Poison Magic


You had 8 spell levels left.
You knew the following spells:

 Your Spells              Type           Power      Damage    Failure   Level
a - Foxfire               Conj/Fire      100%       2x1d9     1%          1
b - Scorch                Fire           82%        2d9       1%          2
c - Eringya's Noxious Bo  Tmut/Pois      15%        N/A       86%         6

Your spell library contained the following spells:

 Spells                   Type           Power      Damage    Failure   Level
 Conjure Flame            Conj/Fire      26%        6-21      4%          3
 Inner Flame              Hex/Fire       23%        N/A       6%          3
 Flame Wave               Conj/Fire      26%        2d8       16%         4
 Summon Forest            Summ/Tloc      2%         N/A       95%         5
 Summon Hydra             Summ           2%         N/A       100%        7


Dungeon Overview and Level Annotations

Branches:
Dungeon (7/15)             Temple (1/1) D:6          Bailey (1/1)

Altars:
Ashenzari
Cheibriados
Dithmenos
Fedhas
Hepliaklqana
Kikubaaqudgha
Makhleb
Nemelex Xobeh
Okawaru
Qazlal
Ru
Sif Muna
Trog
Uskayaw
Vehumet
Xom
Yredelemnul

Shops:
D:3 :

Annotations:
D:3 Terence


Innate Abilities, Weirdness & Mutations

You have very sharp fingernails.
You have a somewhat thin skeletal structure. (Dex +2, Stealth+)
You may rarely emit foul miasma when damaged in melee.
You regenerate health from kills.


Message History

The vault guard is engulfed in a cloud of scalding steam.
The vault guard closely misses you.
Casting: Scorch (safe; 1% risk of failure)
Confirm with . or Enter, or press ? or * to list all spells.
Flames lash the vault guard.
The vault guard is severely wounded.
The vault guard is engulfed in a cloud of scalding steam.
The vault guard hits you with a +0 broad axe!
Casting: Scorch (safe; 1% risk of failure)
Confirm with . or Enter, or press ? or * to list all spells.
Flames lash the vault guard but do no damage.
The vault guard is engulfed in a cloud of scalding steam.
The vault guard hits you with a +0 broad axe!!
Casting: Scorch (safe; 1% risk of failure)
Confirm with . or Enter, or press ? or * to list all spells.
Flames lash the vault guard.
The vault guard is severely wounded.
The vault guard is engulfed in a cloud of scalding steam.
The vault guard closely misses you.
Casting: Scorch (safe; 1% risk of failure)
Confirm with . or Enter, or press ? or * to list all spells.
You conjure some foxfire!
The vault guard hits you with a +0 broad axe!!
The vault guard hits your foxfire with a +0 broad axe! x2
You hit the vault guard but do no damage.
The vault guard is almost dead.
The foxfire hits the vault guard!
The vault guard is burned terribly!
The vault guard is almost dead.
The foxfire hits the vault guard but does no damage.
The vault guard is almost dead.
The vault guard is engulfed in a cloud of scalding steam.
The vault guard hits you with a +0 broad axe!!
* * * LOW HITPOINT WARNING * * *
The vault guard is engulfed in a cloud of scalding steam.
The vault guard hits you with a +0 broad axe!
* * * LOW HITPOINT WARNING * * *
You barely miss the vault guard.
The vault guard is almost dead.
The vault guard hits you with a +0 broad axe!
You die...

###### #~.'.###
#~~..#≈.~## #~p..
#≈.~~## #... ##≈.~p@#
######?!###≈~..~#######
..#≈≈####≈≈~...##.....##
..#~÷≈≈≈≈~~....#.......#
..)..~~~~..~...'..∩....#
..#............#.......#
..#≈≈≈~.~...~..##.....##
######≈~.......~#######
....##≈~~~~~~~~~≈#


You could see a vault guard (combustible).

Vanquished Creatures
  A vault guard (Bailey)
  Maggie (D:7)
  A hornet (D:4)
  Prince Ribbit (Bailey)
  Eustachio (D:6)
  2 humans (Bailey)
  Menkaure (D:7)
  2 water moccasins (D:7)
  2 black bears
  A sky beast (D:6)
  An orc warrior (Bailey)
  An ogre (D:4)
  2 centaurs
  8 bullfrogs (Bailey)
  5 necrophages
  A water moccasin zombie (D:4)
  3 wights (D:4)
  2 howler monkeys
  An electric eel (D:7)
  A human zombie (D:4)
  A jelly (D:5)
  An orc priest (D:7)
  3 gnoll boudas
  4 hounds
  Jessica (D:3)
  4 orc wizards
  3 iguanas
  A hound zombie (D:4)
  2 mummies (D:4)
  13 gnolls
  9 adders
  A white imp (D:5)
  An adder zombie (D:4)
  A worm (D:2)
  5 dart slugs
  17 orcs
  A ball python (D:1)
  10 endoplasms
  A giant cockroach (D:1)
  9 goblins
  9 hobgoblins
  3 kobolds
  A quokka (D:4)
  A bat (D:2)
  A frilled lizard (D:1)
  4 rats
145 creatures vanquished.

Vanquished Creatures (collateral kills)
  3 bullfrogs (Bailey)
  An orc (Bailey)
4 creatures vanquished.

Vanquished Creatures (others)
  247 foxfires
247 creatures vanquished.

Grand Total: 396 creatures vanquished

Notes
Turn   | Place    | Note
-------+----------+-------------------------------------------
     0 | D:1      | freelancePsychic the Demonspawn Fire Elementalist began the
                  | quest for the Orb.
     0 | D:1      | Reached XP level 1. HP: 13/13 MP: 3/3
   261 | D:1      | Gained mutation: You regenerate a little health from kills.
                  | [demonic ancestry]
   261 | D:1      | Reached XP level 2. HP: 20/20 MP: 0/5
   583 | D:1      | Reached skill level 1 in Fighting
   834 | D:2      | Learned a level 2 spell: Scorch
   983 | D:2      | Reached XP level 3. HP: 26/26 MP: 2/6
  1926 | D:2      | Reached skill level 2 in Fighting
  1926 | D:2      | Gained mutation: You have sharp fingernails. [demonic
                  | ancestry]
  1926 | D:2      | Reached XP level 4. HP: 33/33 MP: 2/7
  2426 | D:3      | Found Jemuoq's Vocational Training.
  2464 | D:3      | Noticed Terence
  2622 | D:3      | Found a blossoming altar of Fedhas.
  2793 | D:3      | Noticed Jessica
  2796 | D:3      | Killed Jessica
  3310 | D:4      | Noticed a black bear
  3321 | D:4      | Noticed a hornet
  3339 | D:4      | Noticed an ogre
  3344 | D:4      | Killed an ogre
  3345 | D:4      | Gained mutation: You may rarely emit foul miasma when
                  | damaged in melee. [demonic ancestry]
  3345 | D:4      | Reached XP level 5. HP: 40/40 MP: 2/9
  3426 | D:4      | Killed a black bear
  3427 | D:4      | Reached skill level 3 in Fighting
  3427 | D:4      | Gained mutation: You regenerate health from kills. [demonic
                  | ancestry]
  3427 | D:4      | Reached XP level 6. HP: 47/47 MP: 0/11
  4292 | D:4      | Reached skill level 4 in Fighting
  4292 | D:4      | Gained mutation: You have very sharp fingernails. [demonic
                  | ancestry]
  4292 | D:4      | Reached XP level 7. HP: 10/54 MP: 10/13
  4627 | D:4      | Reached skill level 5 in Fire Magic
  4630 | D:4      | Found a basalt altar of Yredelemnul.
  4813 | D:5      | Entered Level 5 of the Dungeon
  4870 | D:5      | Reached skill level 5 in Fighting
  5212 | D:5      | Found a radiant altar of Vehumet.
  5229 | D:5      | Reached XP level 8. HP: 45/63 MP: 5/14
  5463 | D:4      | Killed a hornet
  5464 | D:4      | Reached skill level 6 in Fighting
  6450 | D:6      | Noticed Eustachio
  6545 | D:6      | Reached skill level 7 in Fighting
  7050 | D:6      | Identified the +6 spear of Taiwus {flame, Int+4}
  7077 | D:6      | Found a staircase to the Ecumenical Temple.
  7086 | Temple   | Entered the Ecumenical Temple
  7472 | D:6      | Killed Eustachio
  7473 | D:6      | Reached skill level 1 in Transmutations
  7473 | D:6      | Reached skill level 1 in Poison Magic
  7473 | D:6      | Gained mutation: You have a somewhat thin skeletal
                  | structure. (Dex +2, Stealth+) [demonic ancestry]
  7473 | D:6      | Reached XP level 9. HP: 68/72 MP: 5/15
  7711 | D:6      | Found a stormy altar of Qazlal.
  8136 | D:7      | Found a blossoming altar of Fedhas.
  8171 | D:7      | Found a sacrificial altar of Ru.
  8171 | D:7      | Noticed Menkaure
  8177 | D:7      | Killed Menkaure
  8266 | D:7      | Noticed Maggie
  8272 | D:7      | Killed Maggie
  8273 | D:7      | Reached skill level 8 in Fighting
  8398 | D:7      | Found a sparkling altar of Nemelex Xobeh.
  8607 | D:7      | Found a flagged portal.
  8621 | Bailey   | Entered a bailey
  9006 | Bailey   | Noticed Prince Ribbit
  9007 | Bailey   | Reached skill level 9 in Fighting
  9012 | Bailey   | Reached XP level 10. HP: 81/83 MP: 8/16
  9018 | Bailey   | Killed Prince Ribbit
  9019 | Bailey   | Reached skill level 5 in Poison Magic
  9088 | Bailey   | Noticed a vault guard
  9096 | Bailey   | Learned a level 6 spell: Eringya's Noxious Bog
  9118 | Bailey   | Killed a vault guard
  9256 | Bailey   | Noticed a vault guard
  9274 | Bailey   | HP: 3/83 [vault guard/+0 broad axe (10)]
  9275 | Bailey   | Slain by a vault guard

Illustrated notes

Levels and vault maps discovered:
D:1:      nzn_arrival_water_spiral, layout_basic, minmay_misc_feat_x
D:2:      layout_loops_ring
D:3:      layout_loops_ring, fedhas_altar_1, nicolae_shop_vocational,
          uniq_jessica, uniq_terence
D:4:      layout_cave_pools, lemuel_mausoleum_altar_yredelemnul,
          palyth_stone_intersect, grunt_decor_resistance
D:5:      layout_cave_pools, nicolae_vehumet_radiance, eino_tiny_chamber,
          chequers_serial_rivers_small_3
D:6:      layout_rooms, nicolae_qazlal_style_of_elements,
          lemuel_temple_firewalk_a, minmay_misc_feat_rows, uniq_eustachio
D:7:      layout_loops_corners, good_gods_temple_1,
          nicolae_ru_great_annihilating_truth, enter_bailey_4,
          nicolae_water_bricks, hangedman_feature_mirror, serial_park_tiny_1,
          hangedman_abyss_or_decor_lesser_grid, nrook_uturn,
          columned_hall_lemuel, uniq_maggie, uniq_joseph, uniq_menkaure
Temple:   nicolae_temple_bog_church
Bailey:   bailey_axe_froggy_fort_hellmonk, bailey

Skill      XL: |  1  2  3  4  5  6  7  8  9 10 |
---------------+-------------------------------+-----
Fighting       | 1 2 3 4 5 7 9 |  9.4
Fire Magic     | 3 4 5 7 |  7.4
Spellcasting   | 3 4 |  4.2
Transmutations | 1 4 |  4.9
Poison Magic   | 1 4 5 |  5.4
Dodging        | |  1.7
Stealth        | |  1.7
Conjurations   | |  1.3

Action                   |  1- 3 |  4- 6 |  7- 9 | 10-12 || total
-------------------------+-------+-------+-------+-------++-------
Melee: Unarmed           |    17 |       |       |       ||    17
       Dagger            |       |     1 |    59 |       ||    60
       Punch             |       |       |     1 |       ||     1
       Spear             |       |       |    19 |     5 ||    24
 Cast: Foxfire           |    27 |    36 |    83 |     3 ||   149
       Scorch            |    24 |    35 |   115 |    17 ||   191
  Use: Scroll            |       |    12 |     6 |       ||    18
       Potion            |       |     1 |     7 |       ||     8
 Stab: Distracted        |       |       |     1 |       ||     1
Armor: Robe              |     6 |     2 |       |       ||     8
       Leather armour    |       |       |    25 |       ||    25
       Steam dragon scal |       |       |    14 |     2 ||    16
Dodge: Dodged            |    26 |    11 |    77 |     5 ||   119
